 Dungeon Crawl Stone Soup version 0.31-a0-219-g8d62b2e7bb (webtiles) character file.

Game seed: 13521954300677981419

110 qw the Chopper (level 4, -2/28 HPs)
             Began as a Gargoyle Fighter on July 3, 2023.
             Slain by Sigmund
             ... wielding a +0 scythe
              (7 damage)
             ... on level 3 of the Dungeon.
             The game lasted 00:00:55 (2290 turns).

qw the Chopper (Gargoyle Fighter)                   Turns: 2290, Time: 00:00:56

Health: -2/28      AC: 10    Str: 21    XL:     4   Next: 91%
Magic:  4/4        EV:  9    Int:  9    God:
Gold:   135        SH:  0    Dex:  9    Spells: 3/3 levels left

rFire   . . .        Y - +0 war axe
rCold   . . .        c - +0 buckler
rNeg    + . .        b - +0 scale mail
rPois   inf          (no helmet)
rElec   +            (no cloak)
rCorr   .            (no gloves)
SInv    .            (no boots)
Will    .....        (no amulet) Stlth
                     (no ring)
HPRegen 0.24/turn    (no ring)
MPRegen 0.09/turn

%: no passive effects
@: confused, about to teleport
A: sickness immunity, AC +3, negative energy resistance 1, electricity
resistance, torment resistance 1, petrification resistance
a: no special abilities


You were on level 3 of the Dungeon.
You visited 1 branch of the dungeon, and saw 3 of its levels.

You collected 135 gold pieces.


Innate Abilities, Weirdness & Mutations

You are immune to sickness and miasma.
Your stone body is resilient. (AC +3)
You are immune to poison.
You resist negative energy. (rN+)
You are resistant to electric shocks. (rElec)
You are resistant to unholy torment.
You are immune to petrification.


   Skills:
 - Level 3.2 Fighting
 + Level 4.0 Axes
 - Level 1.6 Throwing
 - Level 3.2 Armour
 - Level 3.2 Shields


You had 3 spell levels left.
You didn't know any spells.
Your spell library was empty.

Inventory:

Hand Weapons
 j - a +0 mace
 Y - a +0 war axe (weapon)
Missiles
 f - 2 silver boomerangs
 i - 5 javelins (quivered)
Armour
 b - a +0 scale mail (worn)
 c - a +0 buckler (worn)
 l - a +0 chain mail
Jewellery
 k - a ring of positive energy
Scrolls
 a - a scroll of identify
Potions
 d - a potion of might
 h - a potion of invisibility {unknown}

Dungeon Overview and Level Annotations

Branches:
Dungeon (3/15)

Altars:
Makhleb
The Shining One

Annotations:
D:3 Sigmund


Message History

Enter note:
Enter note:
Enter note:
Enter note:
Enter note:
Enter note:
Enter note: Sigmund misses you.
You feel less batty.
Your +0 war axe unmelds from your body.
Your +0 buckler unmelds from your body.
Your +0 scale mail unmelds from your body.
Sigmund casts a spell at you. The magic dart hits you.
You feel less confused. Sigmund hits you but does no damage.
2287 ||| READING scroll of teleportation.
As you read the scroll of teleportation, it crumbles to dust.
You feel strangely unstable.
Enter note:
Enter note:
Enter note:
Enter note:
Enter note: Sigmund casts a spell at you.
You are confused.
Enter note:
Enter note:
Enter note:
Enter note:
Enter note:
Enter note:
Enter note:
Enter note:
Enter note:
Enter note:
Enter note:
Enter note: Sigmund barely misses you. Sigmund hits you with a +0 scythe!
You die...

#.............# #.#.#. #
#.~~~~~~~~~.#.# #.#.#. #
#.~.......~.#.# #.#.#. #
#.~.~~~~~.~.#.# #.#.#. #
#.~.~.._~.~.#.# #.#... #
#.~.~.~~~.~.#.# #.##.# #
#...~.....~.#.# #.#...
###.~~~~~~~~~.#.############.#..#
'...~.....~...%.@...............>
###.~.~~~.~.~.#@############.#...
###.~.~_..~.~.#.# #.#...
...{~.~~~~~.~.#.# #.#...
###.~.......~...# #.#...
..#.~~~~~~~~~.### #.....
#.#...........# ##########...
#.#.####.#..### #...........#
#.#.# ##...## ###.####....#


You could see Sigmund.

Vanquished Creatures
  An orc priest (D:3)
  An iguana (D:2)
  An adder (D:2)
  A dart slug (D:2)
  4 orcs (D:3)
  5 endoplasms
  A giant cockroach (D:1)
  3 goblins
  5 hobgoblins
  3 kobolds
  A quokka (D:1)
  4 bats
  3 frilled lizards
  6 rats
39 creatures vanquished.

Notes
Turn   | Place    | Note
-------+----------+-------------------------------------------
     0 | D:1      | qw the Gargoyle Fighter began the quest for the Orb.
     0 | D:1      | Reached XP level 1. HP: 14/14 MP: 1/1
     0 | D:1      | 0 ||| qw: Version: 0.3-a-40-ge99b1a8
     0 | D:1      | 0 ||| qw: Game counter: 331
     0 | D:1      | 0 ||| qw: Melee chars always use a shield: true
     0 | D:1      | 0 ||| qw: God list: Okawaru
     0 | D:1      | 0 ||| qw: Allow faded altars: false
     0 | D:1      | 0 ||| qw: Do Orc after clearing Dungeon:15 true
     0 | D:1      | 0 ||| qw: Do second Lair branch before Depths: true
     0 | D:1      | 0 ||| qw: Lair rune preference: random
     0 | D:1      | 0 ||| qw: Goals: Normal, Zot:1-4, Slime:5, God:TSO, Crypt,
                  | Tomb, Abyss, Pan, Hells, Win
     0 | D:1      | 0 ||| PLANNING D:1-11
    28 | D:1      | Found a faded altar of an unknown god.
    79 | D:1      | Reached skill level 2 in Axes
   158 | D:1      | 158 ||| Stepping ~*~*~tactically~*~*~ (stealth).
   201 | D:1      | 201 ||| Stepping ~*~*~tactically~*~*~ (stealth).
   207 | D:1      | 207 ||| Stepping ~*~*~tactically~*~*~ (stealth).
   209 | D:1      | 209 ||| Stepping ~*~*~tactically~*~*~ (hiding).
   215 | D:1      | Reached XP level 2. HP: 19/19 MP: 2/2
   614 | D:1      | 614 ||| DROPPING +0 club.
   917 | D:1      | 917 ||| READING scroll labelled FICKAH GOOZXUR.
   918 | D:1      | 918 ||| READING 2 scrolls labelled PUTIYQ FUOSH.
   921 | D:1      | 921 ||| READING scroll labelled UVODEA ZAMPI.
   922 | D:1      | 922 ||| READING scroll labelled JAGGUF DAYSID.
   923 | D:1      | 923 ||| READING scroll labelled WIMEOFIDUO.
   954 | D:2      | Reached skill level 3 in Axes
   954 | D:2      | Reached XP level 3. HP: 19/23 MP: 3/3
  1020 | D:2      | 1020 ||| Stepping ~*~*~tactically~*~*~ (hiding).
  1021 | D:2      | 1021 ||| Stepping ~*~*~tactically~*~*~ (stealth).
  1022 | D:2      | 1022 ||| Stepping ~*~*~tactically~*~*~ (hiding).
  1207 | D:2      | Reached XP level 4. HP: 28/28 MP: 4/4
  1420 | D:2      | 1420 ||| Stepping ~*~*~tactically~*~*~ (hiding).
  1422 | D:2      | 1422 ||| Stepping ~*~*~tactically~*~*~ (hiding).
  1423 | D:2      | 1423 ||| Stepping ~*~*~tactically~*~*~ (hiding).
  1519 | D:2      | 1519 ||| READING 2 scrolls of identify.
  1519 | D:2      | 1519 ||| IDENTIFYING sapphire potion
  2108 | D:3      | 2108 ||| Stepping ~*~*~tactically~*~*~ (hiding).
  2116 | D:3      | Reached skill level 1 in Throwing
  2118 | D:3      | Reached skill level 4 in Axes
  2141 | D:3      | 2141 ||| Stepping ~*~*~tactically~*~*~ (stealth).
  2166 | D:3      | Found a burning altar of Makhleb.
  2178 | D:3      | Found a glowing golden altar of the Shining One.
  2225 | D:3      | Noticed Sigmund
  2226 | D:3      | 2226 ||| Stepping ~*~*~tactically~*~*~ (hiding).
  2238 | D:3      | 2238 ||| FLEEEEING.
  2239 | D:3      | 2239 ||| FLEEEEING.
  2240 | D:3      | 2240 ||| FLEEEEING.
  2241 | D:3      | 2241 ||| FLEEEEING.
  2242 | D:3      | 2242 ||| FLEEEEING.
  2246 | D:3      | 2246 ||| FLEEEEING.
  2247 | D:3      | 2247 ||| FLEEEEING.
  2248 | D:3      | 2248 ||| DRINKING potion of curing.
  2248 | D:3      | 2248 ||| (to cure confusion)
  2249 | D:3      | 2249 ||| FLEEEEING.
  2250 | D:3      | 2250 ||| FLEEEEING.
  2251 | D:3      | 2251 ||| FLEEEEING.
  2252 | D:3      | 2252 ||| FLEEEEING.
  2253 | D:3      | 2253 ||| FLEEEEING.
  2285 | D:3      | HP: 4/28 [Sigmund/magic dart (6)]
  2287 | D:3      | 2287 ||| READING scroll of teleportation.
  2290 | D:3      | Slain by Sigmund

Levels and vault maps discovered:
D:1:      lemuel_arrival_hallway, layout_basic, serial_forest,
          infiniplex_forest_end_2, infiniplex_forest_clump_long,
          infiniplex_forest_corner_1, infiniplex_forest_clump_C,
          infiniplex_forest_lined_room_, infiniplex_forest_end_2,
          infiniplex_forest_pool, infiniplex_forest_join,
          infiniplex_forest_end_2, ebering_ecumenical_altar_petrified,
          dreamdust_princess_bridge
D:2:      layout_loops_cross
D:3:      layout_basic, mainiacjoe_overflow_divided_tiny,
          mainiacjoe_overflow_catwalk_spiral, minmay_fountain_box, uniq_sigmund

Skill      XL: |  1  2  3  4 |
---------------+-------------+-----
Axes           | 2 3 4 |  4.0
Throwing       | 1 |  1.6
Fighting       | |  3.2
Armour         | |  3.2
Shields        | |  3.2

Action                     |  1- 3 |  4- 6 || total
---------------------------+-------+-------++-------
  Melee: War axe           |    60 |    36 ||    96
  Throw: Boomerang         |     3 |    10 ||    13
         Javelin           |       |    10 ||    10
    Use: Scroll            |     5 |     2 ||     7
         Potion            |       |     1 ||     1
 Armour: Scale mail        |    24 |    20 ||    44
  Dodge: Dodged            |    24 |    28 ||    52
  Block: Buckler           |     9 |     4 ||    13

Table legend:
 A = Non-vault XP
 B = Vault XP
 C = Vault XP percentage of total XP
 D = Non-vault monster count
 E = Vault monster count
 F = Vault count percentage of total count
                 A         B        C        D         E       F
            +---------+---------+-------+---------+---------+-------
      Total |     158 |       0 |   0.0 |      39 |       0 |   0.0
            +---------+---------+-------+---------+---------+-------
        D:1 |      20 |       0 |   0.0 |      12 |       0 |   0.0
        D:2 |      78 |       0 |   0.0 |      19 |       0 |   0.0
        D:3 |      60 |       0 |   0.0 |       8 |       0 |   0.0
            +---------+---------+-------+---------+---------+-------
